Unix NetHack Version 3.7.0-102 Work-in-progress - last build Apr 7 2024 00:22:53 (d302a6a9ff6341f1a922d8f5af178406b35fdf99,branch:master). Game began 2024-04-25 20:03:43, ended 2024-04-25 20:19:50. Ted, neutral male gnomish Wizard . -...- ..----|..B---- -...|.--...@..-- ....e...h.......--- ..........----.....-- .......---- |......| ........-- |......| ........<-- |-.....| -.........| |...--- |.0..----.| --.-- -.-- - --- --- Ted the Conjurer St:10 Dx:12 Co:16 In:19 Wi:9 Ch:7 Neutral S:791 Dlvl:4 $:79 HP:0(25) Pw:36(37) AC:6 Xp:4/128 T:2072 Latest messages: Your leg feels better. Your movements are now unencumbered. You hit the acid blob. You kill the acid blob! You are splashed by the acid blob's acid! You see here an acid blob corpse. You swap places with the peaceful acid blob. You see here a towel. H - a towel. You see here an acid blob corpse. You see here an acid blob corpse. You swap places with the peaceful gnome. You swap places with the peaceful gnome. You see here an iguana corpse. Where do you want to travel to? (For instructions type a '?') You swap places with the peaceful gnome. You hit the giant rat. The giant rat bites! You kill the giant rat! You see here a giant rat corpse. There is a giant rat corpse here; eat it? [ynq] (n) y This giant rat corpse tastes terrible! You finish eating the giant rat corpse. Where do you want to travel to? (For instructions type a '?') In what direction? n The spell hits the red mold! You kill the red mold! You descend the stairs. With great effort you move the boulder. You see here a pancake. I - a pancake. The iguana bites! The gnome suddenly disappears! The iguana bites! You hit the iguana. You kill the iguana! The giant bat bites! The giant bat bites! You miss the giant bat. The giant bat bites! The giant bat bites! You feel more confident in your weapon skills. (Use the #enhance command to advance them.) You hit the giant bat! The giant bat bites! The giant bat bites! You die... Do you want your possessions identified? [ynq] (y) q Inventory: Coins $ - 79 gold pieces Amulets z - an uncursed amulet of unchanging Weapons D - a +0 dagger F - a +0 elven dagger a - a blessed +1 quarterstaff (weapon in hands) Armor b - an uncursed +0 cloak of magic resistance (being worn) t - an uncursed +0 studded leather armor (being worn) Comestibles G - 2 uncursed carrots v - 2 uncursed food rations I - an uncursed pancake Scrolls C - a cursed scroll of confuse monster p - 2 uncursed scrolls of enchant armor k - an uncursed scroll of enchant weapon u - a cursed scroll of fire B - a blessed scroll of light j - a cursed scroll of light Spellbooks m - an uncursed spellbook of create monster l - a blessed spellbook of force bolt Potions h - 2 uncursed potions of gain ability f - 3 uncursed potions of healing g - an uncursed potion of speed w - an uncursed potion of water x - an uncursed potion of water Rings q - an uncursed +3 ring of increase accuracy d - a blessed +1 ring of increase damage e - an uncursed ring of sustain ability Wands c - a wand of striking (0:4) Tools o - an uncursed blindfold r - an uncursed brass lantern (lit) s - an uncursed leash n - a magic marker (0:19) H - an uncursed towel Gems/Stones A - 2 uncursed worthless pieces of violet glass Ted the Wizard's attributes: Background: You were a Conjurer, a level 4 male gnomish Wizard. You were neutral, on a mission for Thoth who was opposed by Ptah (lawful) and Anhur (chaotic). You were right-handed. You were in the Gnomish Mines, on level 4. You entered the dungeon 2072 turns ago. There was a full moon in effect when your adventure ended. You had 128 experience points, 32 more were needed to attain level 5. Your score was 791 before end-of-game adjustments. Basics: You had 0 out of 25 hit points. You had 36 out of 37 energy points (spell power). Your armor class was 6. Your wallet contained 79 zorkmids. Autopickup was on for '$"=/!?' plus thrown. Final Characteristics: Your strength was 10 (peak:13, limit:18/50). Your dexterity was 12 (limit:18). Your constitution was 16 (limit:18). Your intelligence was 19 (limit:19). Your wisdom was 9 (limit:18). Your charisma was 7 (limit:18). Final Status: You weren't hungry. You were unencumbered. You were wielding a quarterstaff. You had basic skill with quarterstaff and could have enhanced that. Final Attributes: You were devoutly aligned. You were magic-protected. You were telepathic. You had infravision. You were warded. You were lucky. You are dead. Miscellaneous: You never encountered a bones level. Total elapsed playing time was 16 minutes and 6 seconds. Major events: Turn 1: Ted the neutral male gnomish Wizard entered the dungeon 603: entered the Gnomish Mines 919: attained the rank of Conjurer (level 3) 2072: killed by a giant bat Vanquished creatures: a floating eye a werejackal 4 iguanas an acid blob 2 hobbits 3 giant rats 2 cave spiders 4 red molds a gnome 7 jackals a kobold a goblin 2 sewer rats 14 grid bugs 3 lichens 2 kobold zombies 6 newts 55 creatures vanquished. No species were genocided or became extinct. Voluntary challenges: You read items or engraved 1 time. You never engraved Elbereth. You never had a pet. You never genocided any monsters. You never polymorphed an object. You never changed form. You used no wishes. Achievements: You entered the Gnomish Mines. You attained the rank of Conjurer. The Dungeons of Doom: levels 1 to 5 Level 1: A sink. Level 2: A sink. Stairs down to The Gnomish Mines. Level 3: Level 4: Many altars, a sink. Level 5: The Gnomish Mines: levels 3 to 4 Level 3: Level 4: <- You were here. Final resting place for you, killed by a giant bat. Game over: ---------- / \ / REST \ / IN \ / PEACE \ / \ | Ted | | 79 Au | | killed by a | | giant bat | | | | | | 2024 | *| * * * | * _________)/\\_//(\/(/\)/\//\/|_)_______ Goodbye Ted the Wizard... You died in The Gnomish Mines on dungeon level 4 with 784 points, and 79 pieces of gold, after 2072 moves. You were level 4 with a maximum of 25 hit points when you died.